 Dungeon Crawl Stone Soup version 0.25-a0-316-gd28d56f9c5 (webtiles) character file.

Game seed: 7098008098167630424, levelgen mode: deterministic

104 vishdafish the Skirmisher (level 4, -13/42 HPs)
             Began as a Naga Fighter on Dec 24, 2019.
             Was an Initiate of Okawaru.
             Mangled by an ogre
             ... wielding a +0 giant spiked club
              (27 damage)
             ... on level 3 of the Dungeon.
             The game lasted 00:02:44 (3447 turns).

vishdafish the Skirmisher (Naga Fighter)            Turns: 3447, Time: 00:02:45

Health: -13/42     AC:  5    Str: 18    XL:     4   Next: 80%
Magic:  4/4        EV:  5    Int: 10    God:    Okawaru [......]
Gold:   126        SH:  8    Dex: 10    Spells: 3/3 levels left

rFire    . . .     SeeInvis +   a - +0 war axe
rCold    . . .     Gourm    .   c - +0 shield
rNeg     . . .     Faith    .   b - +0 scale mail
rPois    +         Spirit   .   (no helmet)
rElec    .         Reflect  .   (no cloak)
rCorr    .         Harm     .   (no gloves)
MR       .....                  (no barding)
Stlth    ..........             (no amulet)
HPRegen  0.14/turn              (no ring)
MPRegen  0.09/turn              (no ring)

@: very slow
A: large, see invisible, deformed body, poison resistance, slowness 2, slow
metabolism 1, spit poison 1, AC +1
a: Spit Poison, Renounce Religion


You were on level 3 of the Dungeon.
You worshipped Okawaru.
Okawaru was noncommittal.
You were not hungry.

You visited 1 branch of the dungeon, and saw 3 of its levels.

You collected 126 gold pieces.

Inventory:

Hand Weapons
 a - a +0 war axe (weapon)
Armour
 b - a +0 scale mail (worn)
 c - a +0 shield (worn)
Scrolls
 e - a scroll of fog {unknown}
 g - 2 scrolls of enchant weapon {unknown}
 h - 2 scrolls of magic mapping {unknown}
 j - 2 scrolls of remove curse {unknown}
 l - a scroll of fear {unknown}
 n - a scroll of amnesia {unknown}
 o - a scroll of identify {unknown}
Potions
 d - a potion of might
 i - a potion of resistance {unknown}
 k - 2 potions of curing
 m - a potion of haste {unknown}
 p - 2 potions of agility {unknown}
 q - a potion of mutation {unknown}
 r - a potion of magic {unknown}
Comestibles
 f - 12 rations


   Skills:
 + Level 3.3 Fighting
 + Level 3.2 Axes
 + Level 3.1 Armour
 + Level 0.9 Dodging
 + Level 2.7 Shields


You had 3 spell levels left.
You didn't know any spells.
Your spell library was empty.

Dungeon Overview and Level Annotations

Branches:
Dungeon (3/15)

Altars:
Fedhas
Okawaru
Qazlal
Uskayaw


Innate Abilities, Weirdness & Mutations

You cannot wear boots.
Your serpentine skin is tough. (AC +1)
You have supernaturally acute eyesight. (SInv)
Armour fits poorly on your strangely shaped body.
Your system is resistant to poisons. (rPois)
You cover ground very slowly.
You have a slow metabolism.
You can spit poison.


Message History

An ogre is nearby!
A rat comes into view.
Press: ? - help, Shift-Dir - straight line, f - ogre
Aim: an ogre, wielding a +0 giant spiked club The splash of poison hits the ogre.
The ogre is lightly wounded.
You feel slightly more hungry.
You hit the ogre.
The ogre is moderately wounded.
You have got your breath back.
The ogre hits you with a +0 giant spiked club!
You slash the ogre!
The ogre is heavily wounded.
The ogre hits you with a +0 giant spiked club!!
Ouch! That really hurt!
* * * LOW HITPOINT WARNING * * *
It was a potion of curing.
You feel better.
The ogre hits you with a +0 giant spiked club!!
Ouch! That really hurt!
You die...

..... #.##..# #.#
.... #.##..# #..
.... #.##>.. ##.
..# #.###.###.# #.
..# #.# #.# #.# #.
#.# #.# #.# #.# #.
#r# #.###.###.# #.
#O# #.##...##.###.
#@# #....#.....##.
#.# ###.....#..##.
#.#####....)......
#...........##.###
####...)......##.#
#................#
#.##.#############
#.##.# #.##.#


You could see an ogre and a rat.

Vanquished Creatures
  3 adders
  An ooze (D:1)
  2 worms (D:2)
  3 dart slugs (D:1)
  2 leopard geckos
  3 orcs (D:3)
  A ball python (D:3)
  6 bats
  2 giant cockroaches
  2 goblins
  10 hobgoblins
  5 frilled lizards
  8 kobolds
  9 rats
57 creatures vanquished.

Notes
Turn   | Place    | Note
-------+----------+-------------------------------------------
     0 | D:1      | vishdafish the Naga Fighter began the quest for the Orb.
     0 | D:1      | Reached XP level 1. HP: 21/21 MP: 1/1
   372 | D:1      | Reached XP level 2. HP: 26/28 MP: 2/2
   868 | D:1      | Reached XP level 3. HP: 21/34 MP: 3/3
  1824 | D:2      | Found an iron altar of Okawaru.
  1863 | D:2      | Became a worshipper of Warmaster Okawaru
  1903 | D:2      | Reached XP level 4. HP: 26/42 MP: 4/4
  2035 | D:2      | Found a hide-covered altar of Uskayaw.
  2163 | D:2      | Found a stormy altar of Qazlal.
  2166 | D:2      | Found a blossoming altar of Fedhas.
  3440 | D:3      | Noticed an ogre
  3447 | D:3      | Mangled by an ogre

Levels and vault maps discovered:
D:1:      lightli_arrival_chessboard, layout_basic
D:2:      layout_loops_ring, grunt_temple_overflow_forces_of_nature,
          eat_drink_and_be_merry_uskayaw, okawaru_trees_2, kennysheep_potato
D:3:      layout_loops_ring

Skill      XL: |  1  2  3  4 |
---------------+-------------+-----
Axes           | 3 |  3.2
Armour         | 3 |  3.1
Fighting       | |  3.3
Dodging        | |  0.9
Shields        | |  2.7

Action                   |  1- 3 |  4- 6 || total
-------------------------+-------+-------++-------
Melee: War axe           |   102 |    92 ||   194
 Abil: Spit Poison       |       |     1 ||     1
  Use: Potion            |       |     1 ||     1
  Eat: Chunk             |     1 |     3 ||     4
       Ration            |       |     1 ||     1
Armor: Scale mail        |    38 |    43 ||    81
Dodge: Dodged            |    16 |    21 ||    37
Block: Shield            |    43 |    58 ||   101

Table legend:
 A = Non-vault XP
 B = Vault XP
 C = Vault XP percentage of total XP
 D = Non-vault monster count
 E = Vault monster count
 F = Vault count percentage of total count
                 A         B        C        D         E       F
            +---------+---------+-------+---------+---------+-------
      Total |     141 |       8 |   5.4 |      53 |       4 |   7.0
            +---------+---------+-------+---------+---------+-------
        D:1 |      57 |       0 |   0.0 |      27 |       0 |   0.0
        D:2 |      51 |       8 |  13.6 |      15 |       4 |  21.1
        D:3 |      33 |       0 |   0.0 |      11 |       0 |   0.0
            +---------+---------+-------+---------+---------+-------
